 Dungeon Crawl Stone Soup version 0.22.0-78-g6c94d2c (webtiles) character file.

177 Starchild the Shield-Bearer (level 5, 0/41 HPs)
             Began as a Formicid Fighter on Sept 16, 2018.
             Slain by an ogre
             ... wielding a cursed -1 giant club
              (27 damage)
             ... on level 4 of the Dungeon.
             The game lasted 00:05:37 (2607 turns).

Starchild the Shield-Bearer (Formicid Fighter)      Turns: 2607, Time: 00:05:37

Health: 0/41       AC:  6    Str: 21    XL:     5   Next: 87%
Magic:  5/5        EV:  8    Int:  7    God:
Gold:   207        SH: 10    Dex: 11    Spells: 4/4 levels left

rFire    . . .     SeeInvis +   a - +0 long sword
rCold    . . .     Gourm    .   c - +0 shield
rNeg     . . .     Faith    .   b - +0 scale mail
rPois    .         Spirit   .   (helmet unavailable)
rElec    .         Reflect  .   (no cloak)
rCorr    +         Harm     .   (no gloves)
MR       .....                  (no boots)
Stlth    ..........             (no amulet)
HPRegen  0.13/turn              o - ring of resist corrosion
MPRegen  0.09/turn              (no ring)

@: no status effects
A: permanent stasis, dig shafts and tunnels, four strong arms, antennae 3
a: Dig, Shaft Self


You were on level 4 of the Dungeon.
You were very hungry.

You visited 1 branch of the dungeon, and saw 4 of its levels.

You collected 207 gold pieces.

Inventory:

Hand Weapons
 a - a +0 long sword (weapon)
Missiles
 e - 92 stones (quivered)
Armour
 b - a +0 scale mail (worn)
 c - a +0 shield (worn)
Jewellery
 o - a ring of resist corrosion (left hand)
Scrolls
 h - a scroll of remove curse {unknown}
 i - 3 scrolls of teleportation {unknown}
 k - a scroll of magic mapping {unknown}
 l - 2 scrolls of identify {unknown}
 n - a scroll of amnesia {unknown}
Potions
 d - a potion of might
 g - 2 potions of brilliance {unknown}
 j - a potion of agility {unknown}
 m - 3 potions of curing {unknown}
 p - 2 potions of berserk rage {unknown}
 q - 2 potions of heal wounds {unknown}
 r - a potion of cancellation {unknown}
 s - a potion of lignification {unknown}
Comestibles
 f - 4 rations


   Skills:
 - Level 3.2 Fighting
 + Level 4.3 Long Blades
 - Level 3.2 Armour
 + Level 5.5 Shields


You had 4 spell levels left.
You didn't know any spells.
Your spell library was empty.

Dungeon Overview and Level Annotations

Branches:
Dungeon (4/15)
 Temple: D:4-7

Altars:
Trog
Wu Jian
Xom


Innate Abilities, Weirdness & Mutations

You cannot be hasted, slowed, berserked, paralysed or teleported.
You can dig through walls and to a lower floor.
Your four strong arms can wield two-handed weapons with a shield.
You have a pair of large antennae on your head. (SInv)


Message History

You block the jackal's attack.
You barely miss the jackal.
The ogre shouts!
The jackal closely misses you. The jackal completely misses you.
You slash the jackal!
You kill the jackal!
You are feeling very hungry.
You block the jackal's attack.
You hit the jackal but do no damage. You block the jackal's attack. x2
You barely miss the jackal.
The jackal bites you but does no damage.
The jackal bites you.
You slash the jackal!
You kill the jackal!
The ogre hits you with a giant club!
You hit the ogre.
The ogre is lightly wounded.
The ogre hits you with a giant club!!
Ouch! That really hurt!
You die...

. # .! >#
.#. ..
#.# {..#.
..#
#.#.#.!
##h#.....
..h.h...#
#.# #O#
#@# #.#
#.# ..#
?### #. .
.. ##


You could see an ogre.

Vanquished Creatures
  Terence (D:2)
  6 adders
  2 oozes
  3 worms
  6 dart slugs
  4 leopard geckos
  2 orcs (D:3)
  2 giant cockroaches
  2 hobgoblins
  9 jackals
  2 quokkas (D:2)
  2 ball pythons
  7 bats
  4 frilled lizards
  4 goblins
  9 kobolds
  2 rats (D:1)
67 creatures vanquished.

Vanquished Creatures (others)
  A wizard (D:3)
1 creature vanquished.

Grand Total: 68 creatures vanquished

Notes
Turn   | Place    | Note
-------+----------+-------------------------------------------
     0 | D:1      | Starchild the Formicid Fighter began the quest for the Orb.
     0 | D:1      | Reached XP level 1. HP: 18/18 MP: 1/1
   186 | D:1      | Reached skill level 4 in Shields
   188 | D:1      | Reached XP level 2. HP: 19/24 MP: 2/2
   432 | D:1      | Reached XP level 3. HP: 26/29 MP: 3/3
   946 | D:2      | Reached XP level 4. HP: 35/35 MP: 4/4
  1107 | D:2      | Reached skill level 5 in Shields
  1272 | D:2      | Found a shimmering altar of Xom.
  1615 | D:2      | Noticed Terence
  1640 | D:2      | Killed Terence
  1640 | D:2      | Reached XP level 5. HP: 31/41 MP: 5/5
  2269 | D:3      | Found an ornate altar of the Wu Jian Council.
  2401 | D:3      | Found a bloodstained altar of Trog.
  2403 | D:3      | Noticed a wizard
  2408 | D:3      | Killed a wizard
  2601 | D:4      | Noticed an ogre
  2607 | D:4      | Slain by an ogre

Skill      XL: |  1  2  3  4  5 |
---------------+----------------+-----
Shields        | 4 5 |  5.5
Long Blades    | 3 4 |  4.3
Fighting       | |  3.2
Armour         | |  3.2

Action                   |  1- 3 |  4- 6 || total
-------------------------+-------+-------++-------
Melee: Long sword        |    72 |   162 ||   234
Throw: Stone             |       |     1 ||     1
 Abil: Dig               |     1 |     2 ||     3
  Eat: Chunk             |       |     5 ||     5
Armor: Scale mail        |    23 |    58 ||    81
Dodge: Dodged            |    25 |    55 ||    80
Block: Shield            |    42 |    86 ||   128
       Rpst.: Long sword |     8 |    20 ||    28
